 Dungeon Crawl Stone Soup version 0.30-a0-1016-gfb0d676c02 (webtiles) character file.

Game seed: 2223106015065753839

0 DeathPants the Insei (level 1, 0/15 HPs)
             Began as a Demonspawn Transmuter on Apr 6, 2023.
             Slain by a jackal (3 damage)
             ... on level 2 of the Dungeon.
             The game lasted 00:00:29 (42 turns).

DeathPants the Insei (Demonspawn Transmuter)          Turns: 42, Time: 00:00:29

Health: 0/15       AC:  2    Str: 10    XL:     1   Next: 8%
Magic:  2/3        EV: 12    Int: 14    God:
Gold:   0          SH:  0    Dex: 13    Spells: 3/4 levels left

rFire   . . .      SeeInvis .      - Unarmed
rCold   . . .      Faith    .    (no shield)
rNeg    . . .      Spirit   .    a - +0 robe
rPois   .          Reflect  .    (helmet currently unavailable)
rElec   .          Rampage  .    (no cloak)
rCorr   .                        (no gloves)
Will    .....                    (boots currently unavailable)
Stlth   +                        (no amulet)
HPRegen 0.22/turn                (no ring)
MPRegen 0.08/turn                (no ring)

@: appendages
A: horns 2, talons 2
a: End Transformation


You were on level 2 of the Dungeon.
You had temporarily grown beastly horns and talons.
You visited 1 branch of the dungeon, and saw 2 of its levels.

Inventory:

Armour
 a - a +0 robe (worn)
Potions
 b - a potion of lignification


   Skills:
 + Level 1.0 Fighting
 + Level 1.7 Dodging
 + Level 2.7 Unarmed Combat
 + Level 2.0 Spellcasting
 + Level 1.7 Transmutations


You had 3 spell levels left.
You knew the following spells:

 Your Spells              Type           Power      Damage    Failure   Level
a - Beastly Appendage     Tmut           12%        N/A       12%         1

Your spell library contained the following spells:

 Spells                   Type           Power      Damage    Failure   Level
 Wereblood                Tmut           6%         N/A       17%         2
 Spider Form              Tmut/Pois      3%         N/A       45%         3
 Ice Form                 Ice/Tmut       3%         N/A       86%         4


Dungeon Overview and Level Annotations

Branches:
Dungeon (2/15)

Altars:


Innate Abilities, Weirdness & Mutations

You have temporarily grown beastly horns and talons.


Message History

You kill the kobold!
You see here a +0 dagger.
Your horns disappear.
Your talons disappear.
Magic restored.
You open the door.
There is an open door here.
Found a stone staircase leading down.
There is a stone staircase leading down here.
You climb downwards.
The kobold shouts!
The hobgoblin shouts!
The endoplasm quivers.
The hobgoblin shouts!
Found 6 boomerangs.
Found an escape hatch in the ceiling.
There is a stone staircase leading up here.
Casting: Beastly Appendage (safe; 12% risk of failure)
Press: ? - help, Q - select action Dir - look around, f - activate You grow a pair of large bovine horns.
Your feet morph into talons.
A jackal comes into view.
You completely miss the endoplasm.
The jackal barks!
Your kick misses the endoplasm.
You hear a bark!
You hear a shout! x2
You hit the endoplasm. Your kick misses the endoplasm.
The endoplasm is moderately wounded.
The endoplasm hits you. The hobgoblin hits you.
You hit the endoplasm but do no damage. You headbutt the endoplasm.
The endoplasm is almost dead.
The kobold hits you with a +0 short sword.
The endoplasm freezes you.
You are frozen.
The hobgoblin closely misses you. x2
You barely miss the endoplasm.
The endoplasm is almost dead.
The kobold misses you. The endoplasm freezes you.
You are frozen.
* * * LOW HITPOINT WARNING * * *
The hobgoblin hits you.
* * * LOW HITPOINT WARNING * * *
The hobgoblin completely misses you. The jackal bites you.
You die...

. ### ..
..########
###.##.........
........g...###
#...K@J.....#
####.gh......
#.(#####<# #...
#... #....
#...# #...#


You could see an endoplasm, a jackal, 2 hobgoblins and a kobold.

Vanquished Creatures
  A kobold (D:1)
1 creature vanquished.

Notes
Turn   | Place    | Note
-------+----------+-------------------------------------------
     0 | D:1      | DeathPants the Demonspawn Transmuter began the quest for
                  | the Orb.
     0 | D:1      | Reached XP level 1. HP: 15/15 MP: 3/3
    42 | D:2      | Slain by a jackal

Illustrated notes

Levels and vault maps discovered:
D:1:      lightli_iron_boxes, layout_basic, interstate_on_off,
          minmay_misc_feat_tiny, serial_bayou_ford_a, dk_noncrumbling_4
D:2:      minmay_chambers_of_twos, layout_loops_ring, minmay_misc_feat_roman

Action                     || total
---------------------------++-------
  Melee: Unarmed           ||     5
         Headbutt          ||     1
   Cast: Beastly Appendage ||     2
  Dodge: Dodged            ||     4

Table legend: (Time is in decaauts)
 A = Elapsed time spent in this place.
 B = Non-inter-level travel time spent in this place.
 C = Inter-level travel time spent in this place.
 D = Time resting spent in this place.
 E = Time spent auto-exploring this place.
 F = Levels seen in this place.
 G = Mean time per level.
                   A        B        C        D        E       F      G
               +--------+--------+--------+--------+--------+-----+--------+
         Total |     41 |     41 |      0 |      0 |     20 |   2 |   20.5 |
       Dungeon |     41 |     41 |      0 |      0 |     20 |   2 |   20.5 |
               +--------+--------+--------+--------+--------+-----+--------+

Top non-repeatable levels by time:
     D:1: 35 daAuts
     D:2: 5 daAuts
